 Dungeon Crawl Stone Soup version 0.24.0-123-gd5b16e6ec5 (webtiles) character file.

Game seed: 10964434267802296641, levelgen mode: deterministic

148 Chiseanne the Chucker (level 5, -4/46 HPs)
             Began as a Minotaur Hunter on Jan 9, 2020.
             Slain by an orc
             ... wielding a +0 war axe
              (11 damage)
             ... on level 3 of the Dungeon.
             The game lasted 00:04:01 (1973 turns).

Chiseanne the Chucker (Minotaur Hunter)             Turns: 1973, Time: 00:04:01

Health: -4/46      AC:  3    Str: 16    XL:     5   Next: 8%
Magic:  4/4        EV: 13    Int:  8    God:
Gold:   59         SH:  0    Dex: 12    Spells: 4/4 levels left

rFire    . . .     SeeInvis .   a - +0 morningstar
rCold    . . .     Gourm    .   (no shield)
rNeg     . . .     Faith    .   b - +0 leather armour
rPois    .         Spirit   .   (helmet restricted)
rElec    .         Reflect  .   (no cloak)
rCorr    .         Harm     .   (no gloves)
MR       .....                  (no boots)
Stlth    +.........             (no amulet)
HPRegen  0.15/turn              (no ring)
MPRegen  0.09/turn              (no ring)

@: no status effects
A: retaliatory headbutt, horns 2
a: no special abilities


You were on level 3 of the Dungeon.
You were not hungry.

You visited 1 branch of the dungeon, and saw 3 of its levels.

You collected 59 gold pieces.

Inventory:

Hand Weapons
 a - a +0 morningstar (weapon)
 s - a +2 dagger of venom
Missiles
 c - 4 javelins (quivered)
 d - 2 throwing nets
 e - 20 sling bullets
 h - 29 stones
 l - 25 bolts
Armour
 b - a +0 leather armour (worn)
 j - a +2 leather armour of cold resistance
Scrolls
 g - a scroll of remove curse
 i - a scroll of fog
Potions
 k - a potion of heal wounds {unknown}
 n - a potion of degeneration {unknown}
 r - a potion of curing
 t - a potion of might {unknown}
Comestibles
 f - 6 rations
 u - 4 chunks of flesh


   Skills:
 * Level 4.2 Fighting
 * Level 4.9 Throwing
 * Level 3.7 Dodging
 - Level 0.7 Stealth


You had 4 spell levels left.
You didn't know any spells.
Your spell library was empty.

Dungeon Overview and Level Annotations

Branches:
Dungeon (3/15)

Altars:
Qazlal
Vehumet

Annotations:
D:2 Natasha


Innate Abilities, Weirdness & Mutations

You reflexively headbutt those who attack you in melee.
You have a pair of horns on your head.


Message History

You hit the orc but do no damage.
The orc is almost dead.
The orc barely misses you.
You thump the orc!
You kill the orc!
The orc barely misses you.
You closely miss the orc. The orc hits you but does no damage.
You closely miss the orc.
An orc priest comes into view. It is wielding a +0 club.
The orc barely misses you.
Your leather armour prevents you from hitting the orc.
The orc hits you with a +0 war axe!
* * * LOW HITPOINT WARNING * * *
Things that are here:
a +0 flail; an orc skeleton You barely miss the orc.
The orc misses you. The orc barely misses you.
You hit the orc.
The orc is lightly wounded.
The orc hits you with a +0 war axe!
You die...

* *≈,,,,,≈#.# *
*≈≈≈≈≈≈≈#.# ######### *
********#.# #.......# *
*,,,,,,*#.# #.......# *
*,,,,,,*#†# #.......#
*,,,,,,##.####.......#
******,#())))......).##
*,#..#####o......#
#........@.##....#
#..#....[####....#
#..#.###.# ######
****#..#..,#.#
*,,,#...o#,#.*
***,*,#o#..#,..*
*,,,*,,,,,,**##*
*,*******,,**
*,,,,,,,,,>,*


You could see an orc.

Vanquished Creatures
  Natasha (twice) (D:2)
  An orc wizard (D:3)
  An adder (D:2)
  An ooze (D:2)
  A worm (D:2)
  2 leopard geckos
  5 orcs (D:3)
  4 giant cockroaches
  3 hobgoblins (D:1)
  4 jackals (D:2)
  8 kobolds
  A quokka (D:2)
  4 bats
  5 frilled lizards
  5 goblins
  3 rats
50 creatures vanquished.

Notes
Turn   | Place    | Note
-------+----------+-------------------------------------------
     0 | D:1      | Chiseanne the Minotaur Hunter began the quest for the Orb.
     0 | D:1      | Reached XP level 1. HP: 18/18 MP: 0/0
   235 | D:1      | Reached XP level 2. HP: 25/25 MP: 1/1
   693 | D:2      | Noticed Natasha
   699 | D:2      | Killed Natasha
   699 | D:2      | Reached XP level 3. HP: 31/31 MP: 2/2
   827 | D:2      | Noticed Natasha
   837 | D:2      | Killed Natasha
   837 | D:2      | Reached XP level 4. HP: 11/40 MP: 3/3
  1067 | D:2      | Noticed Natasha
  1770 | D:2      | Found a radiant altar of Vehumet.
  1771 | D:2      | Found a stormy altar of Qazlal.
  1951 | D:3      | Reached XP level 5. HP: 35/46 MP: 4/4
  1973 | D:3      | Slain by an orc

Levels and vault maps discovered:
D:1:      wander_arrival_peaceful_grave, layout_basic, st_stairs_8
D:2:      minmay_general_purpose_star, layout_loops_cross,
          nicolae_overflow_hidden_temple, uniq_natasha
D:3:      layout_basic, first_ration, kennysheep_generic_room_11

Skill      XL: |  1  2  3  4 |
---------------+-------------+-----
Fighting       | 3 4 |  4.2
Dodging        | 3 |  3.7
Throwing       | |  4.9
Stealth        | |  0.7

Action                   |  1- 3 |  4- 6 || total
-------------------------+-------+-------++-------
Melee: Short sword       |    56 |       ||    56
       Headbutt          |    10 |     4 ||    14
       Unarmed           |     2 |       ||     2
       Morningstar       |     7 |    55 ||    62
Throw: Javelin           |     3 |     8 ||    11
  Use: Scroll            |     1 |     6 ||     7
 Stab: Confused          |     1 |       ||     1
  Eat: Chunk             |       |     3 ||     3
Armor: Leather armour    |    14 |    16 ||    30
Dodge: Dodged            |    46 |    56 ||   102
